Ket, chaotic female elven Ranger ---------------- |..........<...| |...)..........| .....%.........| ---.-------.---- ######## ## # ############ -----|-- H@`...%.| |......| .......| -------- Ket the Trailblazer Experience level: 7 Strength: 15 Dexterity: 12 Constitution: 16 Intelligence: 15 Wisdom: 14 Charisma: 7 Health: 0(58) Energy: 54(54) Def: 3 Gold: 0 Moves: 9108 Dungeon seed: Pj0SSdDNtixFq6tB Game ID: Ket_1606833993 Your Inventory: Weapons d - an uncursed +1 elven dagger (alternate weapon; not wielded) e - an uncursed +1 elven bow (weapon in hand) G - 4 uncursed poisoned +0 orcish arrows M - 49 uncursed +2 elven arrows X - 50 uncursed -1 arrows Armor D - an uncursed +0 pair of iron shoes E - an uncursed +0 dwarvish roundshield Tools b - an uncursed bag of holding k - an uncursed skeleton key m - an uncursed mirror w - an uncursed magic whistle T - an uncursed towel Contents of the bag of holding: a cursed amulet of strangulation 39 uncursed +0 arrows 3 cursed +0 arrows an uncursed +3 axe an uncursed +0 dagger 26 uncursed +0 darts an uncursed +0 dwarvish short sword 32 uncursed +0 elven arrows a blessed +0 orcish dagger 2 uncursed +0 orcish daggers an uncursed +0 Uruk-hai shield an uncursed +0 alchemy smock an uncursed +0 cloak of invisibility an uncursed +1 dwarvish cloak an uncursed +0 dwarvish cloak an uncursed +0 dwarvish cloak an uncursed +1 dwarvish iron helm an uncursed +0 dwarvish iron helm of drain resistance and carrying a blessed +0 orcish helm an uncursed +0 pair of iron shoes 2 uncursed cloves of garlic an uncursed cram ration an uncursed egg an uncursed fortune cookie 4 uncursed lembas wafers an uncursed tripe ration an uncursed scroll of blank paper a blessed scroll of confuse monster an uncursed scroll of enchant armor an uncursed scroll of fire 2 uncursed scrolls of recall an uncursed scroll of remove curse an uncursed scroll of scare monster 2 uncursed scrolls of teleportation an uncursed spellbook of blank paper an uncursed spellbook of create familiar an uncursed spellbook of detect treasure an uncursed spellbook of stone to flesh an uncursed potion of blindness an uncursed potion of gain ability an uncursed potion of levitation an uncursed potion of object detection a cursed potion of object detection an uncursed potion of water an uncursed wand of digging (0:4) an uncursed mirror an uncursed +0 pick-axe an uncursed sack an uncursed amethyst stone an uncursed obsidian stone 2 uncursed worthless pieces of black glass 2 uncursed worthless pieces of green glass an uncursed worthless piece of orange glass 3 uncursed worthless pieces of white glass an uncursed worthless piece of yellowish brown glass 1296 gold pieces Spells and supernatural/magical abilities: Name Level Category Cost Memory n - detect monsters 1 divination 7pw 99% W - pray for help -- divine ? -- Your skills at the end: Fighting Skills wands [Basic] Weapon Skills dagger [Skilled] bow [Skilled] Spellcasting Skills Final Attributes: You were piously aligned. You were immune to sleep. You were poison resistant. You saw invisible. You had automatic searching. You had infravision. You were stealthy. You were protected. You were lucky. Mars was noncommittal. You are dead. Vanquished creatures: a small mimic 2 large dogs a wolf a leprechaun 2 orc-captains a gold golem a lizard a dog 2 dwarf lords a dust vortex a gnome mummy 3 apes 2 human zombies a rope golem 4 bugbears an imp a wood nymph a water nymph 4 Uruk-hai 3 rock piercers a fog cloud 2 yellow lights 4 shriekers a violet fungus 5 gnome lords 4 gnomish wizards a red naga hatchling a gray ooze 6 giant ants a floating eye a kitten 8 dwarves a kobold lord 4 hill orcs 5 rothes a rabid rat a giant bat a monkey an orc zombie a wererat 5 iguanas 2 killer bees 2 acid blobs 3 gas spores 5 hobbits 2 manes 2 large kobolds 2 hobgoblins a giant rat 2 cave spiders a brown mold 5 yellow molds a red mold 26 gnomes 6 garter snakes 2 gnome zombies 9 geckos 6 jackals 4 foxes 2 kobolds 7 goblins 6 sewer rats 7 grid bugs 5 lichens a kobold zombie 13 newts 211 creatures vanquished. Voluntary challenges: You had been an atheist until turn 2603. You used a wielded weapon 79 times, starting on turn 322. You read items or engraved 2 times, starting on turn 8237. You never genocided any monsters. You never polymorphed an object. You changed form 1 time, starting on turn 8839. You used no wishes. You never split a pudding. You wrote Elbereth's name 1 time, starting on turn 9100. You never violated your personal moral code. Dungeon overview: The Dungeons of Doom: levels 1 to 9 Level 1 a fountain a long staircase Level 2 a vault stairs to The Gnomish Mines Level 3 a fountain, a vault Level 4 a fountain Level 5 a general store, a fountain, a sink, a vault Level 6 a sink, a vault Level 7 Level 8 Level 9 <- You were here The Gnomish Mines: levels 3 to 6 Level 3 stairs to The Dungeons of Doom Level 4 Level 5 some shops, a temple to Venus, some fountains Level 6 History has recorded: On T:1 you entered the Dungeons of Doom to retrieve the Amulet of Yendor! On T:103 you reached level 2 of The Dungeons of Doom. On T:488 you reached level 3 of The Dungeons of Doom. On T:660 you reached level 1 of The Gnomish Mines. On T:937 you reached level 4 of The Dungeons of Doom. On T:1983 you reached level 2 of The Gnomish Mines. On T:2471 you reached level 3 of The Gnomish Mines. On T:2527 you reached level 4 of The Gnomish Mines. On T:2856 you advanced to experience level 2. On T:3503 you advanced to experience level 3. On T:4793 you advanced to experience level 4. On T:4877 you reached level 5 of The Dungeons of Doom. On T:5386 you reached level 6 of The Dungeons of Doom. On T:5539 you advanced to experience level 5. On T:5869 you reached level 7 of The Dungeons of Doom. On T:6079 you reached level 8 of The Dungeons of Doom. On T:6274 you advanced to experience level 6. On T:7355 you reached level 9 of The Dungeons of Doom. On T:7652 you advanced to experience level 7. Score breakdown: Gold: 1296 (10589 points) Experience: 7 levels (13645 points) Exploration: 9 levels ( 17.31%) (11881 points) Discoveries: 15 items ( 5.08%) ( 6764 points) Valuables value: (no points given unless you survive) Artifact value: 0 ( 0 points) Variety of kills: 66 monsters ( 17.37%) (12502 points) Turncount: 9108 turns (-2240 points) Survival: died (score multiplied by 80%) Total score: 42512 Latest messages: d - an uncursed +1 elven dagger (alternate weapon; not wielded). You are now wielding your elven bow. The frost giant swings his curved sword at you. The frost giant hits! [2 turns] M - 53 uncursed +2 elven arrows (in quiver). You shoot 3 elven arrows. The 1st elven arrow hits the frost giant! The 2nd elven arrow hits the frost giant! The 3rd elven arrow hits the frost giant! The frost giant swings his curved sword at you. The frost giant hits! The elven arrow hits the frost giant! The frost giant swings his curved sword at you. The frost giant hits! H - an uncursed +2 iron skull cap (in quiver). The iron skull cap misses the frost giant. The frost giant swings his curved sword at you. The frost giant hits! You die... For some reason, you think that you can almost hear the Wizard laugh manically... Final status: Goodbye Ket the Ranger, killed by a frost giant... You died in The Dungeons of Doom on dungeon level 9 with 42512 points, and 1296 pieces of gold, after 9108 moves. You were level 7 with a maximum of 58 hit points when you died.